 Dungeon Crawl Stone Soup version 0.30-a0-553-g7fabdf1491 (webtiles) character file.

Game seed: 11417908404484450272

11852 Zonian the Unseen (level 11, -30/59 HPs)
             Began as a Vine Stalker Fighter on Dec 27, 2022.
             Was an Elder of Uskayaw.
             Killed from afar by an ice dragon (54 damage)
             ... with a blast of cold
             ... on level 11 of the Dungeon.
             The game lasted 00:30:45 (11487 turns).

Zonian the Unseen (Vine Stalker Fighter)           Turns: 11487, Time: 00:30:46

Health: -30/59     AC: 16    Str: 18    XL:     11   Next: 84%
Magic:  0/12       EV:  9    Int:  8    God:    Uskayaw [****..]
Gold:   1362       SH: 13    Dex: 19    Spells: 8/10 levels left

rFire   . . .      SeeInvis .    r - +1 short sword (speed)
rCold   . . .      Faith    .    v - +3 buckler
rNeg    . . .      Spirit   +    b - +0 scale mail
rPois   .          Reflect  +    u - +2 helmet
rElec   .          Harm     .    (no cloak)
rCorr   .          Rampage  .    (no gloves)
Will    ++...                    e - +1 pair of boots
Stlth   +++                      f - amulet of reflection
HPRegen 1.09/turn                p - ring of willpower
MPRegen 0.13/turn                J - +4 ring of protection

@: very slow
A: fangs 3, regeneration 1, magic shield, antimagic bite, no potion heal 2
a: Renounce Religion, Stomp, Line Pass


You were on level 11 of the Dungeon.
You worshipped Uskayaw.
Uskayaw was noncommittal.
You visited 2 branches of the dungeon, and saw 12 of its levels.

You collected 1794 gold pieces.
You spent 432 gold pieces at shops.

Inventory:

Hand Weapons
 a - a +0 rapier
 r - a +1 short sword of speed (weapon)
 y - a +0 whip of venom
 D - a +4 mace
 E - a +2 vorpal falchion
 F - a +3 long sword
 O - a +3 scimitar of flaming
Missiles
 k - 9 boomerangs (quivered)
 A - 20 poisoned darts
 R - 4 throwing nets
Armour
 b - a +0 scale mail (worn)
 c - a +0 buckler
 e - a +1 pair of boots (worn)
 u - a +2 helmet (worn)
 v - a +3 buckler (worn)
Jewellery
 f - an amulet of reflection (around neck)
 h - a +6 ring of strength
 j - a +6 ring of intelligence
 p - a ring of willpower (left hand)
 z - a +6 ring of intelligence
 C - a ring of willpower
 G - a ring of flight
 J - a +4 ring of protection (right hand)
Wands
 t - a wand of light (1)
 H - a wand of paralysis (14)
 N - a wand of polymorph (9)
Scrolls
 d - a scroll of summoning
 q - 5 scrolls of magic mapping
 I - a scroll of amnesia
 L - 2 scrolls of enchant armour
 M - 2 scrolls of identify
 S - a scroll of fog
Potions
 g - 3 potions of heal wounds
 i - 8 potions of flight
 l - 2 potions of degeneration
 m - a potion of cancellation
 n - 8 potions of curing
 o - 3 potions of haste
 s - a potion of ambrosia
 w - a potion of berserk rage
 x - 4 potions of attraction
 B - 3 potions of brilliance
 K - 2 potions of mutation
 P - a potion of invisibility
Miscellaneous
 Q - a phial of floods (inert)


   Skills:
 + Level 7.7 Fighting
 - Level 10.7 Short Blades
 - Level 2.8 Armour
 + Level 15.4 Stealth
 - Level 3.1 Shields


You had 8 spell levels left.
You knew the following spells:

 Your Spells              Type           Power      Damage    Failure   Level
a - Searing Ray           Conj           0%         2d4       95%         2

Your spell library contained the following spells:

 Spells                   Type           Power      Damage    Failure   Level
 Apportation              Tloc           0%         N/A       88%         1
 Magic Dart               Conj           0%         1d3       88%         1
 Fulminant Prism          Conj/Hex       0%         3d5       100%        4
 Alistair's Intoxication  Tmut/Pois      0%         N/A       100%        5


Dungeon Overview and Level Annotations

Branches:
Dungeon (11/15)            Temple (1/1) D:4            Lair (0/5) D:11
    Orc (0/2) D:11

Altars:
Ashenzari
Cheibriados
Dithmenos
Elyvilon
Fedhas
Gozag
Hepliaklqana
Kikubaaqudgha
Makhleb
Nemelex Xobeh
Okawaru
Qazlal
Ru
Sif Muna
Trog
Uskayaw
Vehumet
Wu Jian
Xom
Yredelemnul
The Shining One

Shops:
D:5 (   D:6 =

Portals:
Ice
Cave: D:11

Annotations:
D:4 2 transporters, sirJeffrey23's ghost, amateur DsFi
D:5 2 transporters, lotum's ghost, novice DsEE
D:11 exclusion: ice statue


Innate Abilities, Weirdness & Mutations

You have razor-sharp teeth.
Your natural rate of healing is unusually fast.
When hurt, damage is shared between your health and your magic reserves.
Your bite disrupts and absorbs the magic of your enemies.
Potions cannot restore your health.


Message History

The polar bear is no longer paralysed.
The yak gores you but does no damage.
You see here a yak corpse.
You hit the yak. You bite the yak. You drain its power.
The yak is moderately wounded.
Uskayaw will force your foes to share their pain.
Uskayaw links your audience in an emotional bond!
You hit the yak.
You kill the polar bear! x2; You kill the yak! x2
You block the ice dragon's attack. x2; The ice dragon tramples you.
You stumble backwards!
You see here a yak corpse.
Aim the phial where?
Press: ? - help, Shift-Dir - straight line, f - ice dragon
Aim: an ice dragon (severely wounded, sharing its pain)
The torrent of water hits the ice dragon.
The ice dragon is severely wounded.
The wave splashes down.
Splash!
You fall into the shallow water.
Moving in this stuff is going to be slow.
The ice dragon is engulfed in water.
The ice dragon is no longer sharing its pain.
The ice dragon breathes frost at you. The blast of cold hits you!!!
Ouch! That really hurt!
The polar bear goes berserk!
Unknown command.
You hit the ice dragon but do no damage.
The ice dragon is severely wounded.
You are engulfed in freezing vapours.
The ice dragon bites you but does no damage.
You block the ice dragon's attack. x2
Your unstable footing causes you to fumble your attack.
You are engulfed in freezing vapours.
The polar bear is no longer sharing its pain.
Unknown command.
The ice dragon breathes frost at you. The blast of cold hits you!!!
Ouch! That really hurt!
You die...

####### #...... ###..... ####
#### ## ..# #..... ...#
#####..####†#..... #..... ...#
#.....#.#°Dh†..∩.. #..... ...#
#.....##@###~..... #.....
...######.....#### #...# #.....
..............##### #####.....
..................#########......
##+####'#....................####
..#.)..................#
...#....................#
....#.....[..............#
#########..##................#


You could see an ice dragon (unsilenced, catching breath, waterlogged) and a
polar bear (berserk).

Vanquished Creatures
  Harold (D:11)
  A centaur warrior (D:11)
  Erica (D:10)
  A two-headed ogre (D:11)
  Amaemon (D:8)
  An orange demon (D:8)
  An unseen horror (D:11)
  Psyche (D:10)
  A troll (D:11)
  2 polar bears (D:11)
  A shadow (D:9)
  2 wraiths
  9 yaks
  2 vampires
  A steam dragon (D:6)
  Menkaure (D:7)
  5 vampire mosquitoes
  2 water moccasins
  3 wargs (D:11)
  A black bear (D:5)
  An ogre (D:6)
  3 centaurs
  A phantom (D:5)
  A kobold brigand (D:10)
  2 bullfrogs (D:7)
  A gnoll sergeant (D:9)
  7 scorpions
  13 wights
  26 killer bees
  3 jellies
  3 hounds
  7 orc priests
  3 gnoll boudas
  2 iguanas
  9 orc wizards
  16 gnolls
  10 adders
  A shadow imp (D:7)
  A white imp (D:5)
  2 worms (D:2)
  A dart slug (D:2)
  30 orcs
  3 endoplasms
  6 giant cockroaches
  6 goblins
  5 hobgoblins
  4 jackals (D:2)
  9 kobolds
  5 quokkas
  8 ball pythons
  A bat (D:1)
  3 frilled lizards
  2 rats
233 creatures vanquished.

Vanquished Creatures (others)
  13 fungi (D:4)
  A plant (D:10)
14 creatures vanquished.

Grand Total: 247 creatures vanquished

Notes
Turn   | Place    | Note
-------+----------+-------------------------------------------
     0 | D:1      | Zonian the Vine Stalker Fighter began the quest for the
                  | Orb.
     0 | D:1      | Reached XP level 1. HP: 11/11 MP: 2/2
    69 | D:1      | Reached XP level 2. HP: 13/16 MP: 1/3
   320 | D:1      | Reached XP level 3. HP: 19/20 MP: 4/4
  1159 | D:2      | Gained mutation: Your natural rate of healing is unusually
                  | fast. [Vine Stalker growth]
  1159 | D:2      | Reached XP level 4. HP: 24/24 MP: 5/5
  1180 | D:2      | Found a hazy altar of Hepliaklqana.
  1285 | D:2      | You fall into a shaft and drop 2 floors!
  1447 | D:4      | Found a staircase to the Ecumenical Temple.
  1472 | Temple   | Entered the Ecumenical Temple
  1550 | Temple   | Became a worshipper of Uskayaw the Reveller
  1617 | D:4      | Found a transporter.
  1619 | D:4      | Noticed sirJeffrey23's ghost (amateur DsFi)
  1635 | D:4      | Found a transporter.
  1655 | D:4      | Reached * piety under Uskayaw
  2190 | D:4      | Found a sacrificial altar of Ru.
  2312 | D:3      | Reached ** piety under Uskayaw
  2319 | D:3      | Reached XP level 5. HP: 29/29 MP: 4/6
  2608 | D:3      | Identified the +1 robe "Dipon" {rF+ rC- rN+ rCorr}
  2632 | D:3      | Identified a scroll of acquirement
  2632 | D:3      | Acquired 1116 gold pieces
  3058 | D:3      | Reached *** piety under Uskayaw
  3724 | D:5      | Entered Level 5 of the Dungeon
  3748 | D:5      | Reached XP level 6. HP: 23/34 MP: 1/7
  4027 | D:5      | Found Niki Ate's Weapon Emporium.
  4032 | D:5      | Bought a +1 short sword of speed for 240 gold pieces
  4090 | D:5      | Noticed a black bear
  4103 | D:5      | Killed a black bear
  4104 | D:5      | Reached skill level 5 in Fighting
  4104 | D:5      | Reached XP level 7. HP: 39/39 MP: 8/8
  4356 | D:5      | Reached skill level 1 in Stealth
  4358 | D:5      | Reached **** piety under Uskayaw
  4373 | D:5      | Reached skill level 5 in Short Blades
  4373 | D:5      | Reached skill level 2 in Stealth
  4396 | D:5      | Found a basalt altar of Yredelemnul.
  4481 | D:5      | Found a transporter.
  4484 | D:5      | Noticed lotum's ghost (novice DsEE)
  4511 | D:5      | Reached skill level 3 in Stealth
  4693 | D:5      | Reached skill level 4 in Stealth
  4693 | D:5      | Gained mutation: You have razor-sharp teeth. [Vine Stalker
                  | growth]
  4693 | D:5      | Reached XP level 8. HP: 38/43 MP: 7/9
  4963 | D:5      | Reached skill level 5 in Stealth
  5188 | D:5      | Found a stormy altar of Qazlal.
  5291 | D:5      | Reached skill level 6 in Stealth
  5326 | D:5      | Found a transporter.
  5528 | D:6      | Found an iron altar of Okawaru.
  5540 | D:6      | Noticed a wraith
  5694 | D:6      | Found Reboe's Jewellery Shop.
  5703 | D:6      | Bought a ring of flight for 192 gold pieces
  5759 | D:6      | Reached skill level 7 in Stealth
  6572 | D:7      | Reached XP level 9. HP: 45/47 MP: 10/10
  6614 | D:7      | Noticed Menkaure
  6624 | D:7      | Killed Menkaure
  6625 | D:7      | Reached skill level 8 in Stealth
  6629 | D:7      | Reached ***** piety under Uskayaw
  6746 | D:7      | Reached skill level 9 in Stealth
  7099 | D:7      | Noticed a gargoyle
  7099 | D:7      | Noticed a troll
  7099 | D:7      | Noticed a deep elf pyromancer
  7099 | D:7      | Noticed a boulder beetle
  7482 | D:8      | Reached skill level 10 in Stealth
  7812 | D:8      | Found a burning altar of Makhleb.
  7812 | D:8      | Noticed a hornet
  7966 | D:8      | Noticed Amaemon
  7966 | D:8      | Noticed an orange demon
  8244 | D:8      | Noticed a hornet
  8592 | D:9      | Reached XP level 10. HP: 51/51 MP: 11/11
  8939 | D:9      | Reached skill level 11 in Stealth
  9060 | D:8      | Killed Amaemon
  9068 | D:8      | Killed an orange demon
  9521 | D:9      | Reached skill level 12 in Stealth
  9823 | D:10     | Entered Level 10 of the Dungeon
  9826 | D:10     | Noticed Psyche
  9843 | D:10     | Killed Psyche
  9844 | D:10     | Reached skill level 10 in Short Blades
  9887 | D:10     | Found a blossoming altar of Fedhas.
 10030 | D:10     | Found a bloodstained altar of Trog.
 10031 | D:10     | Found a glowing golden altar of the Shining One.
 10144 | D:10     | Found a snail-covered altar of Cheibriados.
 10156 | D:10     | Noticed Erica
 10192 | D:10     | Killed Erica
 10193 | D:10     | Reached skill level 13 in Stealth
 10422 | D:10     | Reached XP level 11. HP: 55/55 MP: 12/12
 10591 | D:10     | Found an ancient bone altar of Kikubaaqudgha.
 10885 | D:11     | Found a staircase to the Lair.
 10968 | D:11     | Noticed Harold
 10975 | D:11     | Killed Harold
 10976 | D:11     | Reached skill level 14 in Stealth
 11008 | D:11     | Noticed a centaur warrior
 11017 | D:11     | Killed a centaur warrior
 11107 | D:11     | Learned a level 2 spell: Searing Ray
 11226 | D:11     | Found a staircase to the Orcish Mines.
 11257 | D:11     | Noticed a two-headed ogre
 11321 | D:11     | Killed a two-headed ogre
 11322 | D:11     | Reached skill level 15 in Stealth
 11460 | D:11     | Found a frozen archway.
 11466 | D:11     | Noticed an ice dragon
 11487 | D:11     | Killed from afar by an ice dragon

Illustrated notes

Levels and vault maps discovered:
D:1:      minmay_arrival_radiant_lines, layout_rooms,
          chequers_serial_rivers_micro_c
D:2:      layout_basic, basic_altar, kennysheep_pointless_box,
          minmay_misc_feat_room
D:3:      layout_basic, kennysheep_generic_room_15
D:4:      layout_basic, nicolae_ru_the_path_less_chosen,
          minmay_temple_entry_slanted, gammafunk_ghost_stat_death,
          serial_aquarium, aquarium_bridge_straight [aquarium_subvault_bridge,
          aquarium_subvault_wall, aquarium_subvault_bridge,
          aquarium_subvault_wall], aquarium_bridge_square
          [aquarium_subvault_bridge, aquarium_subvault_wall,
          aquarium_subvault_bridge, aquarium_subvault_wall],
          aquarium_window_fake, aquarium_window_1, aquarium_window_1,
          aquarium_view_2f, aquarium_balcony_double_4, aquarium_pool_1,
          kennysheep_generic_room_10
D:5:      layout_rooms, mainiacjoe_overflow_24_doors,
          nicolae_qazlal_eye_of_the_storm, serial_shops,
          nicolae_shop_hallway_plus, gammafunk_ghost_mausoleum,
          nicolae_kite_square_tiling_tiny
D:6:      layout_basic, mainiacjoe_overflow_paths, serial_shops,
          nicolae_shop_waterfront
D:7:      minmay_the_grid_triangle_9x9_recursive_2
          [minmay_the_grid_triangle_9x9_prize_top_heavy,
          minmay_the_grid_triangle_9x9_longest,
          minmay_the_grid_triangle_9x9_stretched_checkered,
          minmay_the_grid_triangle_9x9_sprig], layout_rooms,
          nicolae_overflow_hidden_temple, uniq_menkaure
D:8:      layout_layer_cave, mainiacjoe_overflow_alcove_4, uniq_amaemon
D:9:      layout_basic, minivault_22
D:10:     layout_loops_ring, nicolae_kikubaaqudgha_miasma_corner,
          mainiacjoe_overflow_divided_tiny, fedhas_altar_3, cheibriados_altar_1,
          kennysheep_opposing_triangles, uniq_erica, uniq_psyche
D:11:     minmay_separated_statues, layout_irregular_city,
          erik_lair_orcish_takeover, portal_ice_cave_entry_animals_and_master,
          uniq_harold
Temple:   jpeg_temple_clearing

Skill      XL: |  1  2  3  4  5  6  7  8  9 10 11 |
---------------+----------------------------------+-----
Short Blades   | 2 3 4 5 7 9 10 | 10.7
Fighting       | 3 4 5 7 |  7.7
Shields        | 3 |  3.1
Stealth        | 4 7 10 13 15 | 15.4
Armour         | |  2.8

Action                   |  1- 3 |  4- 6 |  7- 9 | 10-12 || total
-------------------------+-------+-------+-------+-------++-------
Melee: Rapier            |   104 |   134 |       |       ||   238
       Bite              |    26 |    41 |   129 |   135 ||   331
       Short sword       |       |    23 |   431 |   414 ||   868
Throw: Boomerang         |       |     6 |       |     1 ||     7
       Dart              |       |     5 |       |     4 ||     9
Invok: Line Pass         |       |     2 |       |       ||     2
       Stomp             |       |       |     1 |       ||     1
Evoke: Wand              |       |       |     4 |     4 ||     8
       Phial of floods   |       |       |       |     1 ||     1
  Use: Scroll            |       |    14 |    14 |     2 ||    30
       Potion            |       |     3 |     2 |       ||     5
 Stab: Paralysed         |       |     1 |    19 |    22 ||    42
       Invisible         |       |     1 |     1 |     5 ||     7
       Sleeping          |       |       |     3 |    12 ||    15
       Distracted        |       |       |       |     1 ||     1
Armor: Scale mail        |    34 |    34 |    73 |    64 ||   205
Dodge: Dodged            |    19 |    39 |    60 |    42 ||   160
Block: Buckler           |    46 |    97 |   151 |   108 ||   402
       Reflection        |     2 |     3 |     4 |       ||     9

Table legend: (Time is in decaauts)
 A = Elapsed time spent in this place.
 B = Non-inter-level travel time spent in this place.
 C = Inter-level travel time spent in this place.
 D = Time resting spent in this place.
 E = Time spent auto-exploring this place.
 F = Levels seen in this place.
 G = Mean time per level.
                   A        B        C        D        E       F      G
               +--------+--------+--------+--------+--------+-----+--------+
         Total |  11024 |  10534 |    490 |   2292 |   5224 |  12 |  918.7 |
       Dungeon |  10930 |  10455 |    475 |   2292 |   5163 |  11 |  993.6 |
        Temple |     93 |     78 |     15 |      0 |     61 |   1 |   93.0 |
               +--------+--------+--------+--------+--------+-----+--------+

Top non-repeatable levels by time:
     D:8: 1348 daAuts
     D:5: 1266 daAuts
     D:4: 1245 daAuts
     D:6: 1244 daAuts
     D:2: 1156 daAuts
     D:9: 1001 daAuts
    D:10: 943 daAuts
     D:3: 941 daAuts
     D:7: 680 daAuts
     D:1: 589 daAuts
    D:11: 513 daAuts
  Temple: 93 daAuts
